 Dungeon Crawl Stone Soup version 0.19-a0-733-geeb8733 (webtiles) character file.

60 Aksej the Grave Robber (level 3, 0/24 HPs)
             Began as a Demonspawn Necromancer on June 22, 2016.
             Slain by a worm (6 damage)
             ... on level 2 of the Dungeon.
             The game lasted 00:05:11 (2049 turns).

Aksej the Grave Robber (Demonspawn Necromancer)     Turns: 2049, Time: 00:05:12

Health: 0/24       AC:  4    Str:  8    XL:     3   Next: 80%
Magic:  6/6        EV: 11    Int: 17    God:
Gold:   70         SH:  0    Dex: 10    Spells: 3 memorised, 2 levels left

rFire  . . .     SeeInvis .     (no weapon)
rCold  . . .     Gourm    .     j - +0 leather armour (curse)
rNeg   . . .     Faith    .     (no shield)
rPois  .         Spirit   .     (no helmet)
rElec  .         Dismiss  .     (no cloak)
rCorr  .         Reflect  .     (no gloves)
SustAt .         Harm     .     h - +0 pair of boots
MR     .....                    (no amulet)
Stlth  ++........               (no ring)
                                e - -3 ring of dexterity

@: not resistant to hostile enchantments, unstealthy
A: powered by death 1, powered by pain 1
a: no special abilities


You were on level 2 of the Dungeon.
You were not hungry.

You visited 1 branch of the dungeon, and saw 2 of its levels.

You collected 70 gold pieces.

Inventory:

Armour
 h - a +0 pair of boots (worn)
 j - a cursed +0 leather armour (worn)
Jewellery
 e - a -3 ring of dexterity (left hand)
 f - an uncursed amulet of dismissal {unknown}
Books
 b - a book of Necromancy

   Spells                             Type                      Level
   a - Pain                           Necromancy                   1
   b - Animate Skeleton               Necromancy                   1
   c - Vampiric Draining              Necromancy                   3
   d - Regeneration                   Charms/Necromancy            3
   e - Animate Dead                   Necromancy                   4
   f - Control Undead                 Necromancy                   4
Comestibles
 c - a bread ration
 d - a chunk of flesh
 g - a meat ration


   Skills:
 + Level 1.9 Dodging
 + Level 2.0 Stealth
 + Level 0.1 Unarmed Combat
 + Level 2.6 Spellcasting
 * Level 5.4 Necromancy


You had 2 spell levels left.
You knew the following spells:

 Your Spells              Type           Power        Failure   Level  Hunger
a - Pain                  Necr           ###.         2%          1    #......
b - Animate Skeleton      Necr           N/A          2%          1    #......
c - Regeneration          Chrm/Necr      ##........   30%         3    ###....


Dungeon Overview and Level Annotations

Branches:
Dungeon (2/15)

Altars:


Innate Abilities, Weirdness & Mutations

You regenerate a little health from kills.
You sometimes gain a little power by taking damage.


Message History

Aim: a worm (severely wounded, chance to defeat MR: 85%)
The worm barely resists.
Casting: Pain
Confirm with . or Enter, or press ? or * to list all spells.
You don't have enough magic to cast that spell.
Unknown command.
You hit the worm.
The worm is severely wounded.
The worm bites you!
* * * LOW HITPOINT WARNING * * *
You focus on the pain.
You feel your power returning.
You barely miss the worm.
The worm is severely wounded.
You hit the worm but do no damage.
The worm is severely wounded.
The worm barely misses you.
You hit the worm.
The worm is severely wounded.
The worm bites you.
You die...

#>##.. #
#.####
#.# #.#
#.# #.#
#.# #.#
#@#
#.w......
#########


You could see a worm.

Vanquished Creatures
  2 adders (D:2)
  A worm (D:2)
  2 giant geckos (D:1)
  A giant cockroach (D:1)
  4 goblins (D:1)
  6 hobgoblins
  5 kobolds
  9 bats
  A giant newt (D:1)
  3 rats
34 creatures vanquished.

Vanquished Creatures (collateral kills)
  A goblin (D:1)
1 creature vanquished.

Grand Total: 35 creatures vanquished

Notes
Turn   | Place    | Note
--------------------------------------------------------------
     0 | D:1      | Aksej the Demonspawn Necromancer began the quest for the Orb.
     0 | D:1      | Reached XP level 1. HP: 13/13 MP: 3/3
     2 | D:1      | Learned a level 1 spell: Animate Skeleton
   394 | D:1      | Gained mutation: You regenerate a little health from kills. [demonic ancestry]
   394 | D:1      | Reached XP level 2. HP: 18/19 MP: 1/5
   673 | D:1      | Reached skill level 5 in Necromancy
  1091 | D:1      | Gained mutation: You sometimes gain a little power by taking damage. [demonic ancestry]
  1091 | D:1      | Reached XP level 3. HP: 22/24 MP: 1/6
  1429 | D:2      | Learned a level 3 spell: Regeneration
  2049 | D:2      | Slain by a worm

Vault maps used:
D:1:      minmay_arrival_jagged, serial_bayou_crossing
D:2:      feat_on_display, uniq_natasha

Skill      XL: |  1  2  3 |
---------------+----------+-----
Necromancy     | 5 |  5.4
Stealth        | 2 |  2.0
Dodging        | |  1.9
Unarmed Combat | |  0.1
Spellcasting   | |  2.6

Action                   || total
-------------------------++-------
Melee: Unarmed           ||    32
 Cast: Pain              ||    60
       Animate Skeleton  ||     4
  Use: Scroll            ||     6
       Potion            ||     1
 Stab: Sleeping          ||     1
  Eat: Chunk             ||     4
Armor: Robe              ||    14
Dodge: Dodged            ||    32
